 Dungeon Crawl Stone Soup version 0.29-a0-643-ga013cefcf8 (webtiles) character file.

Game seed: 16717945911204410848

27 spaghetti the Shield-Bearer (level 3, 0/25 HPs)
             Began as a Gnoll Wanderer on June 20, 2022.
             Slain by an adder (3 damage)
             ... on level 2 of the Dungeon.
             The game lasted 00:02:59 (2775 turns).

spaghetti the Shield-Bearer (Gnoll Wanderer)        Turns: 2775, Time: 00:03:00

Health: 0/25       AC:  3    Str:  9    XL:     3   Next: 10%
Magic:  7/7        EV: 11    Int: 18    God:
Gold:   47         SH:  5    Dex:  8    Spells: 6/7 levels left

rFire   . . .      SeeInvis .   a - +0 club {mace}
rCold   . . .      Faith    .   d - +0 buckler
rNeg    . . .      Spirit   .   c - +0 robe
rPois   .          Reflect  .   l - +0 helmet
rElec   .          Harm     .   (no cloak)
rCorr   .          Rampage  .   (no gloves)
Will    .....                   (no boots)
Stlth   +.........              (no amulet)
HPRegen 0.08/turn               m - ring of wizardry
MPRegen 0.10/turn               (no ring)

@: silenced (expiring)
A: fangs 1, strong nose, distributed training
a: no special abilities


You were on level 2 of the Dungeon.
You visited 1 branch of the dungeon, and saw 2 of its levels.

You collected 47 gold pieces.


Innate Abilities, Weirdness & Mutations

You have very sharp teeth.
Your uncanny sense of smell can sniff out nearby items.
Your experience applies equally to all skills.


   Skills:
 + Level 0.6 Fighting
 + Level 0.6 Short Blades
 + Level 0.6 Long Blades
 + Level 0.6 Axes
 + Level 0.6 Maces & Flails
 + Level 0.6 Polearms
 + Level 0.6 Staves
 + Level 0.6 Slings
 + Level 0.6 Bows
 + Level 0.6 Crossbows
 + Level 0.6 Throwing
 + Level 0.6 Armour
 + Level 0.6 Dodging
 + Level 2.3 Stealth
 + Level 6.5 Shields
 + Level 0.6 Unarmed Combat
 + Level 2.8 Spellcasting
 + Level 0.4 Conjurations
 + Level 5.4 Hexes
 + Level 0.4 Summonings
 + Level 0.4 Necromancy
 + Level 0.4 Translocations
 + Level 0.4 Transmutations
 + Level 0.4 Fire Magic
 + Level 0.4 Ice Magic
 + Level 0.4 Air Magic
 + Level 0.4 Earth Magic
 + Level 3.7 Poison Magic
 + Level 0.8 Invocations
 + Level 0.6 Evocations


You had 6 spell levels left.
You knew the following spells:

 Your Spells              Type           Power      Damage    Failure   Level
a - Slow                  Hex            88%        N/A       1%          1

Your spell library contained the following spells:

 Spells                   Type           Power      Damage    Failure   Level
 Sting                    Tmut/Pois      40%        1d5       3%          1
 Dazzling Flash           Conj/Hex       26%        N/A       8%          3
 Ignite Poison            Fire/Tmut/Pois 8%         N/A       13%         3
 Olgreb's Toxic Radiance  Pois           16%        N/A       17%         4

Inventory:

Hand Weapons
 a - a +0 club (weapon) {mace}
Missiles
 e - 8 stones (quivered) {throwing}
Armour
 c - a +0 robe (worn)
 d - a +0 buckler (worn)
 g - a +1 hat
   (You found it on level 2 of the Dungeon)
 l - a +0 helmet (worn)
   (You found it on level 2 of the Dungeon)
Jewellery
 j - a ring of flight
   (You found it on level 1 of the Dungeon)
 m - a ring of wizardry (left hand)
   (You found it on level 2 of the Dungeon)
Scrolls
 b - a scroll of magic mapping {!r}
 h - a scroll of enchant armour {unknown}
 i - a scroll of torment {unknown}
 k - a scroll of acquirement {unknown}
 n - a scroll of identify {@r1}

Dungeon Overview and Level Annotations

Branches:
Dungeon (2/15) Zot: 9158

Altars:

.........≈#
####...##.##.#.#
........≈
#.$.......##...#
......≈
###.##...########.
..K.≈ #...###.## #..
≈g≈ ##.#.# #.# ##.
#####'####..#.###.#
##
##.#.#g#....K$...#.#
#
#.<........#S#.#....
#
#..#.#.#.###@#.###.#
#
#..#.#.....S........∆
..
#..#.##...##.#.#####
### #..#.#.....#.#.#
#..#.......... #
#............# ####..
......# ##.#


You could see 2 adders and a kobold.


Message History

No target in view!
No target in view!
No target in view!
No target in view!
No target in view!
No target in view!
No target in view!
Unknown command.
An adder is nearby!
The hobgoblin shouts!
You barely miss the adder. The adder bites you.
The adder bites you but does no damage. 😕 HP[-2]
You take 2 damage, and now have 23/25 hp.
You are too injured to fight recklessly!
You are too injured to fight recklessly!
You are too injured to fight recklessly!
You are too injured to fight recklessly!
You are too injured to fight recklessly!
You are too injured to fight recklessly!
You are too injured to fight recklessly!
You are too injured to fight recklessly!
You are too injured to fight recklessly!
You are too injured to fight recklessly!
You are too injured to fight recklessly!
You are too injured to fight recklessly!
You are too injured to fight recklessly!
Unknown command.
Unknown command.
You aren't carrying any items that you can evoke.
You aren't carrying any potions.
As you read the scroll labelled MOLODE QIOCUYR, it crumbles to dust.
A profound silence engulfs you.
It was a scroll of silence.
The adder closely misses you. The adder bites you. 😕 HP[-2]
You take 2 damage, and now have 21/25 hp.
Magic scrolls do not work when you're silenced!
You closely miss the adder. The adder closely misses you.
The adder attacks as you move away! The adder bites you.
You are poisoned.
The adder poisons you!
You feel sick. The adder misses you. 😮 HP[-5]
You take 5 damage, and now have 16/25 hp.
Unknown command.
You feel sick. 😮 HP[-1]
You take 1 damage, and now have 15/25 hp.
The hobgoblin attacks as you move away! You block the hobgoblin's attack.
You feel sick. 😮 HP[-1]
You take 1 damage, and now have 14/25 hp.
You hit the hobgoblin but do no damage.
You feel sick. The hobgoblin hits you.
* * * LOW HITPOINT WARNING * * *
😨 HP[-2]
You take 2 damage, and now have 12/25 hp.
You barely miss the hobgoblin.
You feel sick.
You are no longer poisoned.
The hobgoblin closely misses you.
You block the hobgoblin's attack. 😨 HP[-2]
You take 2 damage, and now have 10/25 hp.
You closely miss the hobgoblin.
You bite the hobgoblin, but do no damage.
The hobgoblin hits you but does no damage.
You hit the hobgoblin but do no damage. You block the hobgoblin's attack.
Magic scrolls do not work when you're silenced!
You hit the hobgoblin. The hobgoblin closely misses you.
You aren't carrying any potions.
You hit the hobgoblin. Your bite misses the hobgoblin.
The hobgoblin barely misses you.
The hobgoblin hits you but does no damage.
Unknown command.
You barely miss the hobgoblin. The adder bites you.
* * * LOW HITPOINT WARNING * * *
You block the hobgoblin's attack.
The adder bites you but does no damage. 😨 HP[-1]
You take 1 damage, and now have 9/25 hp.
Unknown command.
You hit the hobgoblin.
You kill the hobgoblin!
You block the adder's attack. The adder barely misses you.
Magic scrolls do not work when you're silenced!
You aren't carrying any potions.
You hit the adder. The adder bites you.
* * * LOW HITPOINT WARNING * * *
The adder bites you.
* * * LOW HITPOINT WARNING * * *
The adder bites you but does no damage. The adder bites you.
* * * LOW HITPOINT WARNING * * *
😱 HP[-7]
You take 7 damage, and now have 2/25 hp.
MASSIVE DAMAGE!! (PAUSE) Unknown command.
Unknown command.
You hit the adder but do no damage. The adder closely misses you.
The adder barely misses you. x2
Unknown command.
Unknown command.
Unknown command.
You hit the adder. The adder bites you but does no damage. The adder bites you.
You die...

Action                   || total
-------------------------++-------
Melee: Club              ||   175
       Bite              ||    17
  Use: Scroll            ||     3
       Potion            ||     2
 Stab: Sleeping          ||     1
Armor: Robe              ||    45
Dodge: Dodged            ||   131
Block: Buckler           ||    68

Levels and vault maps discovered:
D:1:      saegor_arrival_simple_c, layout_loops_cross
D:2:      minmay_chambers_of_ones, layout_loops_ring, kennysheep_potato

Notes
Turn   | Place    | Note
-------+----------+-------------------------------------------
     0 | D:1      | spaghetti the Gnoll Wanderer began the quest for the Orb.
     0 | D:1      | spaghetti set off with the following items: a +0 club
                  | {mace}, a potion of berserk rage {!q}, a +0 robe, a +0
                  | buckler; and the following spells available to memorise:
                  | Slow, Sting, Dazzling Flash, Ignite Poison, Olgreb's Toxic
                  | Radiance.
     0 | D:1      | Reached XP level 1. HP: 13/13 MP: 4/4
     0 | D:1      | magus.rc [v1.9.6]
   686 | D:1      | HP: 3/13 [goblin/+0 club (4)]
   693 | D:1      | Reached XP level 2. HP: 5/19 MP: 5/5
  1290 | D:1      | Learned a level 1 spell: Slow
  1976 | D:2      | HP: 5/20 [endoplasm (3)]
  1986 | D:2      | HP: 5/20 [endoplasm (2)]
  2554 | D:2      | Reached XP level 3. HP: 15/25 MP: 7/7
  2773 | D:2      | HP: 4/25 [adder (3)]
  2775 | D:2      | Slain by an adder

Vanquished Creatures
  A dart slug (D:1)
  2 endoplasms (D:2)
  2 goblins (D:1)
  4 hobgoblins
  3 jackals
  A quokka (D:1)
  3 ball pythons
  A bat (D:2)
  A frilled lizard (D:1)
  A kobold (D:1)
  4 rats
23 creatures vanquished.

Table legend:
 A = Non-vault XP
 B = Vault XP
 C = Vault XP percentage of total XP
 D = Non-vault monster count
 E = Vault monster count
 F = Vault count percentage of total count
                 A         B        C        D         E       F
            +---------+---------+-------+---------+---------+-------
      Total |      39 |       0 |   0.0 |      23 |       0 |   0.0
            +---------+---------+-------+---------+---------+-------
        D:1 |      23 |       0 |   0.0 |      13 |       0 |   0.0
        D:2 |      16 |       0 |   0.0 |      10 |       0 |   0.0
            +---------+---------+-------+---------+---------+-------

Illustrated notes

Table legend:
 A = Kills in this place as a percentage of kills in entire the game.
 B = Kills by you in this place as a percentage of kills by you in the entire game.
 C = Kills by friends in this place as a percentage of kills by friends in the entire game.
 D = Other kills in this place as a percentage of other kills in the entire game.
 E = Experience gained in this place as a percentage of experience gained in the entire game.
 F = Experience gained in this place divided by the number of levels of this place that you have seen.
                   A       B       C       D       E      F
               +-------+-------+-------+-------+-------+----------------------
         Total | 100.0 | 100.0 |   N/A |   N/A | 100.0 |  19.5
       Dungeon | 100.0 | 100.0 |   N/A |   N/A | 100.0 |  19.5
               +-------+-------+-------+-------+-------+----------------------

Table legend: (Time is in decaauts)
 A = Elapsed time spent in this place.
 B = Non-inter-level travel time spent in this place.
 C = Inter-level travel time spent in this place.
 D = Time resting spent in this place.
 E = Time spent auto-exploring this place.
 F = Levels seen in this place.
 G = Mean time per level.
                   A        B        C        D        E       F      G
               +--------+--------+--------+--------+--------+-----+--------+
         Total |   2840 |   2785 |     55 |    290 |   2102 |   2 | 1420.0 |
       Dungeon |   2840 |   2785 |     55 |    290 |   2102 |   2 | 1420.0 |
               +--------+--------+--------+--------+--------+-----+--------+

Top non-repeatable levels by time:
     D:1: 2055 daAuts
     D:2: 785 daAuts
